 Dungeon Crawl Stone Soup version 0.20-a0-556-g892c87b (webtiles) character file.

2951 HarryHood the Fighter (level 9, -14/83 HPs)
             Began as a Pale Draconian Berserker on Feb 5, 2017.
             Was a High Priest of Trog.
             Demolished by a two-headed ogre
             ... wielding a +0 giant club
              (17 damage)
             ... on level 8 of the Dungeon.
             The game lasted 00:36:13 (7661 turns).

HarryHood the Fighter (Pale Draconian Berserker)    Turns: 7661, Time: 00:36:14

Health: -14/83     AC: 11    Str: 26    XL:     9   Next: 51%
Magic:  9/9        EV: 15    Int:  8    God:    Trog [*****.]
Gold:   392        SH:  0    Dex: 12    Spells: 8/8 levels left

rFire    . . .     SeeInvis .   a - +4 flail
rCold    . . .     Gourm    .   (armour unavailable)
rNeg     . . .     Faith    .   (no shield)
rPois    .         Spirit   .   (helmet restricted)
rElec    .         Reflect  .   i - +0 cloak
rCorr    .         Harm     .   k - +2 pair of gloves
MR       .....                  (no boots)
Stlth    ++........             (no amulet)
Regen    0.3/turn               d - ring of stealth
                                q - +5 ring of strength

@: no status effects
A: breathe steam, unfitting armour, cold-blooded, AC +7
a: Breathe Steam, Berserk, Trog's Hand, Brothers in Arms, Burn Spellbooks,
Renounce Religion


You were on level 8 of the Dungeon.
You worshipped Trog.
Trog was extremely pleased with you.
You were not hungry.

You visited 2 branches of the dungeon, and saw 9 of its levels.
You also visited: Sewer and Ossuary.

You collected 392 gold pieces.

Inventory:

Hand Weapons
 a - a +4 flail (weapon)
Armour
 i - a +0 cloak (worn)
 k - a +2 pair of gloves (worn)
Jewellery
 d - a ring of stealth (right hand)
 q - a +5 ring of strength (left hand)
 y - an uncursed ring of see invisible
 z - an uncursed ring of protection from cold
Wands
 A - a wand of confusion (19/48)
Scrolls
 e - 7 scrolls of magic mapping
 p - 2 scrolls of teleportation {@r0}
 r - 2 scrolls of remove curse {@r2}
 s - 6 scrolls of recharging
 t - a scroll of blinking {@r7}
 B - a scroll of identify {@r1}
 E - a scroll of fear
Potions
 c - a potion of berserk rage
 f - 11 potions of curing {@q2}
 g - a potion of flight {unknown}
 h - 2 potions of agility
 m - a potion of cancellation {unknown}
 o - 5 potions of haste
 u - 2 potions of magic
 v - 6 potions of heal wounds {@q1}
 w - 4 potions of might
 x - a potion of mutation {unknown}
Comestibles
 b - 5 bread rations {@e1}
 j - 2 meat rations {@e1}
 l - 2 royal jellies {=g@e3}


   Skills:
 - Level 9.0 Fighting
 - Level 9.0 Maces & Flails
 * Level 6.9 Dodging


You had 8 spell levels left.
You didn't know any spells.

Dungeon Overview and Level Annotations

Branches:
Dungeon (8/15)             Temple (1/1) D:7
   Lair: D:8-11

Altars:
Ashenzari
Dithmenos
Fedhas
Gozag
Makhleb
Okawaru
Ru
Sif Muna
Uskayaw
Xom
Yredelemnul

Shops:
D:4 }


Innate Abilities, Weirdness & Mutations

You can breathe blasts of scalding, opaque steam.
Your pale cyan-grey scales are hard. (AC +7)
You cannot fit into any form of body armour.
You are cold-blooded and may be slowed by cold attacks.


Message History

Aim: a two-headed ogre, wielding two giant clubs (severely wounded, chance to defeat MR: 28%)
The two-headed ogre easily resists.
Evoking this partially-identified wand wasted a few charges.
The two-headed ogre misses you.
The two-headed ogre hits you with a giant club!
* * * LOW HITPOINT WARNING * * *
You hit the two-headed ogre.
The two-headed ogre is severely wounded.
The two-headed ogre hits you with a giant club.
* * * LOW HITPOINT WARNING * * *
The two-headed ogre misses you.
You sock the two-headed ogre!
The two-headed ogre is almost dead.
You hit the two-headed ogre.
You tail-slap the two-headed ogre, but do no damage.
The two-headed ogre is almost dead.
The two-headed ogre hits you with a giant club!!
* * * LOW HITPOINT WARNING * * *
The two-headed ogre hits you with a giant club!
You die...

### ## #.###### ..##
###.....##
....####..#####.########
.........## ##@.......
.......### ##O......
...#..## #......
......## ...... .......#
..... .......## .....
........## ..##
..#......## .##
####......##


You could see a two-headed ogre.

Vanquished Creatures
  The ghost of krigyl the Destroyer, a novice DECj of Sif Muna (D:7)
  A wraith (D:7)
  2 centaurs
  4 ogres
  An elf zombie (D:7)
  2 bullfrogs (Sewer)
  An elf skeleton (D:7)
  3 scorpions
  8 wights
  2 howler monkeys
  3 crimson imps
  A hound (D:6)
  A jelly (D:6)
  3 orc wizards
  2 centaur skeletons
  2 human zombies (D:7)
  2 orc priests (D:7)
  Natasha (thrice) (D:2)
  3 worker ants
  A killer bee zombie (D:6)
  An ogre zombie (D:7)
  13 mummies
  8 gnolls
  13 adders
  4 river rats (Sewer)
  A shadow imp (D:6)
  An ooze (D:5)
  An adder zombie (D:7)
  3 worms
  A dart slug (D:4)
  9 leopard geckos
  18 orcs
  13 ball pythons
  4 giant cockroaches
  11 hobgoblins
  6 jackals
  8 kobolds
  2 quokkas
  9 bats
  6 frilled lizards
  A gnoll skeleton (Ossuary)
  7 goblins
  3 goblin skeletons (Ossuary)
  A kobold skeleton (Ossuary)
  A leopard gecko skeleton (D:6)
  5 orc skeletons
  A quokka zombie (D:7)
  30 rats
  11 rat skeletons (Ossuary)
  A rat zombie (D:7)
239 creatures vanquished.

Notes
Turn   | Place    | Note
-------+----------+-------------------------------------------
     0 | D:1      | HarryHood the Draconian Berserker began the quest for the Orb.
     0 | D:1      | Reached XP level 1. HP: 19/19 MP: 1/1
   192 | D:1      | Reached XP level 2. HP: 27/27 MP: 2/2
   203 | D:1      | Reached skill level 4 in Fighting
   738 | D:1      | Reached XP level 3. HP: 34/34 MP: 3/3
  1043 | D:2      | Reached ** piety under Trog
  1116 | D:2      | Found a faded altar of an unknown god.
  1120 | D:2      | Reached skill level 5 in Fighting
  1320 | D:2      | Noticed Natasha
  1327 | D:2      | Killed Natasha
  1327 | D:2      | Reached XP level 4. HP: 36/42 MP: 4/4
  1412 | D:2      | Noticed Natasha
  1424 | D:2      | Killed Natasha
  1424 | D:2      | Reached skill level 6 in Fighting
  1537 | D:2      | Noticed Natasha
  1781 | D:2      | Killed Natasha
  1781 | D:2      | Reached XP level 5. HP: 39/50 MP: 5/5
  1888 | D:3      | Found a blossoming altar of Fedhas.
  2304 | D:3      | Found an iron altar of Okawaru.
  2355 | D:3      | Reached skill level 4 in Maces & Flails
  2368 | D:3      | Reached *** piety under Trog
  2473 | D:3      | Found a shimmering altar of Xom.
  2772 | D:3      | Found a shadowy altar of Dithmenos.
  3104 | D:4      | Found Naarphyku's Gadget Emporium.
  3173 | D:4      | Reached XP level 6. HP: 55/57 MP: 6/6
  3202 | D:4      | Found a hide-covered altar of Uskayaw.
  3292 | D:4      | You fall through a shaft!
  3292 | D:5      | Entered Level 5 of the Dungeon
  3326 | D:5      | Reached skill level 5 in Maces & Flails
  3452 | D:5      | Found a glowing drain.
  3458 | Sewer    | Entered a sewer
  3811 | Sewer    | Reached **** piety under Trog
  3892 | Sewer    | Reached skill level 6 in Maces & Flails
  4018 | Sewer    | Reached skill level 3 in Dodging
  4023 | Sewer    | Your scales start taking on a pale cyan-grey colour.
  4023 | Sewer    | Reached XP level 7. HP: 62/63 MP: 7/7
  4032 | Sewer    | Reached skill level 4 in Dodging
  4447 | D:4      | Found a shattered altar of Ashenzari.
  4862 | D:5      | Reached skill level 5 in Dodging
  5390 | D:6      | Reached skill level 6 in Dodging
  5429 | D:6      | Reached XP level 8. HP: 65/70 MP: 8/8
  5476 | D:6      | Reached skill level 7 in Fighting
  5655 | D:6      | Reached ***** piety under Trog
  6114 | D:7      | Reached skill level 8 in Fighting
  6134 | D:7      | Noticed krigyl's ghost (novice DECj)
  6155 | D:7      | Killed krigyl's ghost
  6155 | D:7      | Reached skill level 7 in Maces & Flails
  6232 | D:7      | Found an opulent altar of Gozag.
  6242 | D:7      | Reached skill level 9 in Fighting
  6242 | D:7      | Reached XP level 9. HP: 83/83 MP: 9/9
  6253 | D:7      | Found a sacrificial altar of Ru.
  6352 | D:7      | Reached skill level 8 in Maces & Flails
  6382 | D:7      | HP: 2/83 [wraith (8)]
  6560 | D:7      | Found a sand-covered staircase.
  6571 | Ossuary  | Entered an ossuary
  6880 | Ossuary  | Reached skill level 9 in Maces & Flails
  7203 | D:7      | Found a staircase to the Ecumenical Temple.
  7217 | Temple   | Entered the Ecumenical Temple
  7267 | D:7      | Found a basalt altar of Yredelemnul.
  7577 | D:8      | Found a deep blue altar of Sif Muna.
  7578 | D:8      | Found a burning altar of Makhleb.
  7650 | D:8      | Noticed a two-headed ogre
  7661 | D:8      | HP: 3/83 [two-headed ogre/giant club (30)]
  7661 | D:8      | Demolished by a two-headed ogre

Vault maps used:
D:1:      lightli_arrival_boilingwater
D:2:      first_bread, chequers_ecumenical_altar_island, uniq_natasha
D:3:      kennysheep_six_static_rooms, nicolae_overflow_crystal_walls,
          fedhas_altar_3, okawaru_ov_weapons_minmay, tgw_xom
D:4:      lemuel_crystal_altar, kennysheep_mini, serial_shops, shop
D:5:      lightli_sewer_entry_pipes
D:6:      grunt_ministairs_8
D:7:      lemuel_doored_altar, lemuel_mausoleum_altar_yredelemnul,
          grunt_gozag_statues, temple_fountains, enter_ossuary_4, uniq_joseph
D:8:      grunt_temple_overflow_open
Temple:   zaba_magenta_temple
Sewer:    sewer_minmay_w
Ossuary:  ossuary_due_small_catacomb

Skill      XL: |  1  2  3  4  5  6  7  8  9 |
---------------+----------------------------+-----
Fighting       | 4 5 6 9 |  9.0
Maces & Flails | 4 6 7 9 |  9.0
Dodging        | 3 6 |  6.9

Action                   |  1- 3 |  4- 6 |  7- 9 || total
-------------------------+-------+-------+-------++-------
Melee: Mace              |    27 |       |       ||    27
       Tailslap          |    15 |    19 |    53 ||    87
       Flail             |    97 |   297 |   340 ||   734
Invok: Berserk           |     1 |     3 |     2 ||     6
       Burn Spellbooks   |       |       |     3 ||     3
 Abil: Breathe Steam     |       |       |     1 ||     1
Evoke: Wand              |       |       |     1 ||     1
  Use: Scroll            |     5 |     6 |     9 ||    20
       Potion            |       |       |     1 ||     1
 Stab: Sleeping          |     5 |     6 |     7 ||    18
       Distracted        |       |       |     2 ||     2
  Eat: Chunk             |     3 |    11 |    11 ||    25
       Bread ration      |       |       |     1 ||     1
Armor: Skin              |    67 |   111 |    73 ||   251
Dodge: Dodged            |   101 |   254 |   176 ||   531
